AoeStats
← CNZS_DongHaiDi

Arabia

506746411Analyzed
1v1 RM · 18d ago on Sep 14, 2026· 66m 24s· 2 players
Game mode
Random Map
Map size
Tiny (2 player)
Population
200
Speed
Normal
Resources
Standard
Victory
Conquest
Starting age
Dark Age
Ending age
Imperial Age
RankedLock teamsTeams togetherTeam positionsShared explorationLock speedFull tech treeHidden civsTurbo modeCheats
Victory
Defeat
🇮🇳 Chinese · India
2424
+24
🇦🇷 Tatars · Argentina
2607
-24
CNZS_DongHaiDi
0:25 Loom
8:48 Feudal Age
9:23 Double-Bit Axe
16:36 Wheelbarrow
16:15 Fletching
21:41 Castle Age
20:21 Padded Archer Armor
20:17 Horse Collar
23:08 Bow Saw
24:14 Heavy Plow
27:13 Bodkin Arrow
28:51 Bloodlines
29:13 Elite Skirmisher
30:52 Ballistics
31:18 Leather Archer Armor
39:58 Hand Cart
39:32 Town Watch
42:38 Imperial Age
40:21 Gold Mining
40:21 Stone Mining
43:26 Bracer
45:38 Thumb Ring
47:30 Ring Archer Armor
49:49 Gold Shaft Mining
49:04 Stone Mining
52:15 Chemistry
52:14 Elite Chu Ko Nu
55:17 Scale Barding Armor
55:23 Forging
56:21 Conscription
55:27 Light Cavalry
56:08 Husbandry
58:05 Chain Barding Armor
60:04 Plate Barding Armor
64:01 Iron Casting
64:57 Capped Ram
66:57 Blast Furnace
deaKer
5:41 Loom
8:46 Feudal Age
9:03 Man-at-Arms
9:41 Double-Bit Axe
14:26 Fletching
15:32 Double-Bit Axe
18:59 Horse Collar
20:36 Forging
20:58 Padded Archer Armor
21:24 Bloodlines
26:11 Castle Age
24:59 Gold Mining
26:50 Bodkin Arrow
27:08 Bow Saw
27:01 Husbandry
28:36 Ballistics
30:54 Gold Shaft Mining
31:06 Town Watch
32:59 Wheelbarrow
45:04 Elite Skirmisher
47:14 Leather Archer Armor
49:08 Hand Cart
52:17 Imperial Age
49:52 Guard Tower
53:03 Bracer
54:20 Chemistry
54:34 Ring Archer Armor
57:25 Hand Cart
58:59 Heavy Plow
59:40 Scale Barding Armor
60:50 Chain Barding Armor
60:07 Light Cavalry
60:54 Hussar
62:47 Forging
64:55 Plate Barding Armor
Connection lost

Rejoining the realm…

Still unreachable

The connection could not be restored.

Session expired

The server has moved on; the page needs a fresh start.